AoeStats
← WINNER

Lombardia

508876765Analyzed
4v4 RM · 9d ago on Sep 24, 2026· 31m 42s· 8 players
Game mode
Random Map
Map size
Large (8 player)
Population
200
Speed
Normal
Resources
Standard
Victory
Conquest
Starting age
Dark Age
Ending age
Imperial Age
RankedLock teamsTeams togetherTeam positionsShared explorationLock speedFull tech treeHidden civsTurbo modeCheats
Victory
Defeat
🇦🇺 Mongols · Australia
1088
+15
🇹🇼 Japanese · Taiwan
1066
+15
🇨🇳 Varangians · China
1021
+17
🇨🇳 Poles · China
904
+22
🇺🇸 Poles · United States
1067
-18
🇨🇳 Hindustanis · China
1059
-18
🇨🇳 Danes · China
1049
-17
🇮🇪 Spanish · Ireland
1025
-16
q721372930
13:40 Feudal Age
12:01 Loom
18:03 Castle Age
16:41 Stone Mining
16:37 Double-Bit Axe
16:35 Horse Collar
17:03 Gold Mining
19:08 Bow Saw
28:01 Heavy Plow
30:56 Caravan
Tortuga
0:28 Loom
11:15 Feudal Age
18:08 Castle Age
16:41 Horse Collar
17:40 Double-Bit Axe
19:31 Wheelbarrow
20:35 Scale Barding Armor
21:19 Town Watch
23:28 Bloodlines
23:52 Fortified Wall
25:59 Husbandry
28:10 Szlachta Privileges
28:53 Ballistics
29:28 Hand Cart
30:17 Forging
30:15 Crossbowman
WINNER
10:04 Feudal Age
11:25 Loom
15:35 Castle Age
14:30 Double-Bit Axe
14:43 Horse Collar
16:05 Gold Mining
21:34 Gold Shaft Mining
22:56 Bow Saw
22:57 Heavy Plow
24:49 Wheelbarrow
26:32 Hand Cart
kkols
10:33 Feudal Age
14:39 Castle Age
14:35 Double-Bit Axe
14:44 Fletching
15:49 Bow Saw
22:04 Bodkin Arrow
25:29 Bloodlines
素
8:01 Loom
12:15 Feudal Age
15:32 Double-Bit Axe
18:14 Castle Age
16:34 Horse Collar
17:12 Forging
17:08 Scale Barding Armor
18:00 Gold Mining
19:16 Heavy Plow
20:15 Fletching
21:07 Bow Saw
21:24 Light Cavalry
23:46 Bloodlines
23:40 Husbandry
25:23 Wheelbarrow
24:49 Stone Mining
巅峰繁唐
5:02 Loom
10:51 Feudal Age
15:23 Castle Age
13:39 Double-Bit Axe
16:42 Horse Collar
19:29 Bloodlines
21:28 Scale Barding Armor
21:48 Bow Saw
22:20 Husbandry
24:52 Heavy Plow
26:21 Forging
KB
10:32 Feudal Age
14:17 Castle Age
16:11 Loom
20:34 Squires
22:21 Scale Mail Armor
28:50 Forging
30:16 Chain Mail Armor
MegaPanda
10:13 Feudal Age
10:36 Feudal Age
15:31 Castle Age
14:22 Horse Collar
14:34 Double-Bit Axe
16:40 Loom
18:02 Heavy Plow
21:33 Bow Saw
24:09 Wheelbarrow
25:09 Hand Cart
26:39 Forging
26:23 Fletching
30:57 Imperial Age
28:49 Bodkin Arrow
28:54 Padded Archer Armor
30:31 Ballistics
30:30 Leather Archer Armor
30:27 Bloodlines
30:18 Husbandry
Connection lost

Rejoining the realm…

Still unreachable

The connection could not be restored.

Session expired

The server has moved on; the page needs a fresh start.